 Dungeon Crawl Stone Soup version 0.17.0-28-g6e173f8 (webtiles) character file.

104899 MDvedh the Severer (level 15, -4/118 HPs)
             Began as a Demonspawn Berserker on Nov 22, 2015.
             Was the Champion of Trog.
             Slain by a shambling mangrove (15 damage)
             ... on level 4 of the Swamp.
             The game lasted 00:49:30 (26715 turns).

MDvedh the Severer (Demonspawn Berserker)          Turns: 26715, Time: 00:49:30

Health: -4/118     AC: 18    Str: 25    XL:     15   Next: 93%
Magic:  13/13      EV: 12    Int: 10    God:    Trog [******]
Gold:   682        SH: 16    Dex: 12    Spells: 0 memorised, 14 levels left

rFire  + + +     SeeInvis .     N - +4 broad axe (flame)
rCold  + + .     Clarity  .     d - +0 ring mail {rC+}
rNeg   . . .     SustAt   .     O - +2 shield
rPois  +         Gourm    .     H - +2 helmet of Complete Protection {+Inv rPois rF++}
rElec  +         Spirit   .     p - +1 cloak
rCorr  .         Warding  .     (no gloves)
rMut   .         Stasis   .     (boots unavailable)
MR     ++...                    M - amulet of regeneration
Stlth  ++........               Q - +5 ring of evasion
                                B - ring of Iciddymu {rElec AC+2 Stlth+}

@: lethally poisoned (-4 -> -9), grasped by roots, slowed, very slow, very
resistant to hostile enchantments, unstealthy
A: talons 3, icy blue scales 3, fire resistance 1, low mp 1, magic resistance 1,
sense surroundings 1, regeneration 1, robust 1, shaggy fur 1, spiny 2, strong 1
a: Berserk, Trog's Hand, Brothers in Arms, Burn Spellbooks, Renounce Religion,
Evoke Invisibility


You were on level 4 of the Swamp.
You worshipped Trog.
Trog was exalted by your worship.
You were not hungry.

You visited 4 branches of the dungeon, and saw 28 of its levels.
You also visited: Labyrinth and Ice Cave.

You collected 2817 gold pieces.
You spent 2135 gold pieces at shops.

Inventory:

Hand Weapons
 N - a +4 broad axe of flaming (weapon)
 W - the +7 war axe of Xytrics {venom, rC+}
   (Trog gifted it to you on level 6 of the Lair of Beasts)

   It poisons the flesh of those it strikes.
   It protects you from cold.
Armour
 d - a +0 ring mail of cold resistance (worn)
 p - a +1 cloak (worn)
 H - the +2 helmet of Complete Protection (worn) {+Inv rPois rF++}
   (You found it on level 9 of the Dungeon)

   It greatly protects you from fire.
   It protects you from poison.
   It lets you turn invisible.
 O - a +2 shield (worn)
Jewellery
 B - the ring of Iciddymu (left hand) {rElec AC+2 Stlth+}
   (You bought it in a shop on level 4 of the Orcish Mines)

   [ring of protection]

   It affects your AC (+2).
   It insulates you from electricity.
   It makes you more stealthy.
 M - an amulet of regeneration (around neck)
 Q - a +5 ring of evasion (right hand)
 S - an uncursed ring of see invisible
Wands
 m - a wand of digging (15)
 s - a wand of teleportation (6)
 C - a wand of invisibility (3)
 G - a wand of digging (7)
 V - a wand of disintegration (12)
Scrolls
 i - 14 scrolls of teleportation
 j - 11 scrolls of remove curse
 l - 3 scrolls of enchant weapon
 n - a scroll of brand weapon
 o - 2 scrolls of enchant armour
 x - 2 scrolls of fear
 y - 3 scrolls of magic mapping
 D - 6 scrolls of identify
 E - 3 scrolls of recharging
 L - 4 scrolls of fog
Potions
 e - 2 potions of cancellation
 f - 4 potions of flight
 h - 20 potions of curing
 k - 4 potions of agility
 q - 11 potions of heal wounds
 t - 6 potions of magic
 u - 8 potions of might
 v - a potion of cure mutation
 z - 4 potions of invisibility
 I - 3 potions of haste
 R - a potion of resistance
 U - a potion of experience {unknown}
 X - a potion of ambrosia {unknown}
Miscellaneous
 Y - a phial of floods
Comestibles
 b - 10 beef jerkies
 c - 8 bread rations
 g - 25 fruits
 r - 2 meat rations
 w - 4 royal jellies
 P - 4 slices of pizza


   Skills:
 + Level 7.4 Fighting
 * Level 17.4 Axes
 + Level 6.1 Armour
 + Level 6.0 Dodging
 - Level 15.9 Shields


You had 14 spell levels left.
You didn't know any spells.

Dungeon Overview and Level Annotations

Branches:
Dungeon (12/15)            Temple (0/1) D:4            Lair (8/8) D:10
  Swamp (4/4) Lair:4        Snake (0/4) Lair:5        Slime (0/6) Lair:6
    Orc (4/4) D:10            Elf (0/3) Orc:3

Altars:
Ashenzari
Cheibriados
Dithmenos
Elyvilon
Makhleb
Nemelex Xobeh
Okawaru
Ru
Sif Muna
Trog
Zin
The Shining One
Jiyva

Shops:
D:5 }   Orc:4 !=*

Annotations:
D:9 Maurice
Lair:6 exclusion: oklob plant
Lair:7 exclusion: 3 oklob plants
Swamp:2 exclusion: Roxanne, Roxanne


Innate Abilities, Weirdness & Mutations

You have claws for feet.
You are completely covered in icy blue scales (AC +4, EV -1, rC+).
Your flesh is heat resistant.
You are mostly covered in sharp spines.
Your magical capacity is low (-10% MP).
You are resistant to hostile enchantments.
You passively map a small area around you.
Your natural rate of healing is unusually fast.
You are robust (+10% HP).
You are covered in fur (AC +1).
Your muscles are strong. (Str +2)


Message History

* * * LOW HITPOINT WARNING * * *
You are more poisoned.
You feel yourself slow down.
Your deep troll goes berserk!
You feel somewhat more hungry.
You feel very sick. You block the hornet's attack.
You hear a distant "Zot"!
You block the swamp dragon's attack. x2
The swamp dragon tramples you.
* * * LOW HITPOINT WARNING * * *
You hold your ground!
The hornet is struck by your spines. The hornet stings you.
* * * LOW HITPOINT WARNING * * *
The swamp dragon barely misses you. The swamp dragon claws you.
* * * LOW HITPOINT WARNING * * *
The swamp dragon tramples you.
* * * LOW HITPOINT WARNING * * *
You hold your ground!
The shambling mangrove hits you!
You die...

≈≈≈≈.♣♣♣.≈≈§≈≈≈≈.♣♣♣.≈≈≈♣♣≈,≈,,,≈
≈≈≈≈.♣..≈≈≈≈≈≈≈≈.≈≈.≈≈≈≈≈♣,≈≈,,,≈
.§§.≈.≈.≈≈≈≈≈≈≈≈..≈≈≈≈..♣♣*≈*≈,≈,
≈≈≈≈..≈.≈.≈.≈≈≈≈..≈≈≈...≈♣,,,,,,≈
..≈≈≈...≈.≈≈....♣(§≈≈..≈≈♣≈,,≈≈≈≈
≈♣♣≈....≈....≈.≈.≈≈≈≈≈≈≈≈.,,≈,≈≈≈
.♣♣♣.≈≈.♣≈.....≈..≈..≈..≈≈,*≈,,≈,
≈.♣♣≈≈§......§#fD§T.§.♣≈.,,≈,,,,,
≈...≈≈≈≈♣.♣♣.≈§§@y†.≈♣♣*≈≈≈,≈≈,≈,
≈≈≈....≈♣♣♣♣..♣§§♣♣?i≈♣**,,,*≈≈≈*
≈≈≈....♣♣ ♣#♣♣≈♣♣≈....♣*≈*≈≈*≈≈≈
≈≈≈≈≈≈≈≈♣♣ ♣♣♣*,.≈.#.♣*≈≈**≈≈≈
≈≈≈≈≈≈≈≈≈♣ *,*...#≈.♣≈≈***≈≈
≈≈≈≈≈≈.<♣♣ **≈*..##*≈♣*** *≈*
≈≈≈≈≈.♣♣♣ *,**#.#**** *****
≈≈≈≈.♣♣ *≈***,,* *****≈** ≈≈≈≈.♣
***≈,,≈***≈≈*≈*≈*


You could see a shambling mangrove, a swamp dragon, a hornet, a spriggan and a
friendly deep troll (berserk).

Vanquished Creatures
  A thorn hunter (Swamp:2)
  Aizul (Swamp:2)
  Snorg (Orc:2)
  A minotaur (Lab)
  The ghost of 4thArraOfDagon the Severer, a journeyman MiBe of Trog (IceCv)
  The ghost of chonchonts the Cleaver, a journeyman MiFi of Okawaru (D:11)
  Fannar (D:10)
  Harold (D:10)
  5 alligators
  2 ogre magi (Orc:4)
  A catoblepas (Lair:6)
  7 hydras
  2 ghost crabs (Swamp:3)
  13 death yaks
  Sonja (Lair:3)
  A spriggan druid (Swamp:4)
  2 deep trolls (Orc:4)
  2 unseen horrors (D:12)
  2 shambling mangroves (Swamp:2)
  5 hill giants
  Pikel (D:9)
  3 orc knights
  6 swamp dragons
  An ugly thing (D:11)
  A griffon (Lair:8)
  A hornet (Swamp:3)
  5 black mambas
  2 cyclopes (Orc:4)
  16 elephants
  Joseph (Lair:1)
  The ghost of 4thArraOfDagon the Chopper, a novice MiBe of Trog (D:9)
  A gargoyle (D:12)
  23 spiny frogs
  A torpor snail (Lair:8)
  4 komodo dragons
  A kobold demonologist (D:12)
  A fire drake (Lair:3)
  4 giant leeches
  7 bog bodies
  31 blink frogs
  6 two-headed ogres (Orc:4)
  10 trolls
  2 trapdoor spiders (Lab)
  4 spriggans
  Sigmund (D:4)
  A deep elf mage (D:12)
  2 wyverns
  A centaur simulacrum (D:9)
  7 hippogriffs
  6 basilisks
  A wraith (D:10)
  33 yaks
  11 wolves
  2 steam dragons
  18 vampire mosquitoes
  6 insubstantial wisps (Swamp:2)
  3 nagas (Lair:5)
  A warg (Orc:2)
  24 swamp worms
  16 water moccasins
  Duvessa (D:7)
  14 orc warriors
  7 swamp drakes
  2 phantoms
  13 porcupines
  An eye of draining (D:10)
  7 ice beasts
  2 sky beasts
  12 crocodiles
  4 necrophages
  9 wasps
  24 ogres
  3 centaurs
  A brain worm (D:12)
  2 big kobolds
  A gnoll sergeant (D:9)
  A wyvern zombie (D:10)
  30 giant frogs
  A wyvern skeleton (D:11)
  Dowan (D:7)
  2 scorpions
  17 killer bees
  9 electric eels
  A centaur zombie (D:12)
  4 crimson imps
  A quasit (D:12)
  A giant frog zombie (D:9)
  A centaur skeleton (D:9)
  A giant frog skeleton (D:12)
  Crazy Yiuf (D:2)
  3 gnoll shamans
  7 worker ants
  5 iguanas
  20 orc priests
  10 hounds
  30 orc wizards
  12 sheep
  2 worker ant zombies
  25 gnolls
  13 adders
  79 river rats
  2 shadow imps
  12 white imps (Lair:3)
  An ooze (D:1)
  An adder skeleton (D:7)
  3 worms
  9 giant geckos
  154 orcs
  2 ball pythons
  6 giant cockroaches
  11 hobgoblins
  12 jackals
  3 quokkas (D:8)
  7 bats
  A giant gecko zombie (D:8)
  5 giant newts
  8 goblins
  17 kobolds
  A quokka zombie (D:6)
  7 rats
  4 briar patches (Swamp:2)
  11 fungi
  10 plants (Lair:8)
984 creatures vanquished.

Vanquished Creatures (collateral kills)
  10 hydras
  A death yak (Lair:8)
  A komodo dragon (Lair:6)
  A spiny frog (Lair:4)
  5 yaks
  2 swamp worms (Swamp:4)
  3 porcupines (Lair:6)
  A wasp (Swamp:4)
  2 crocodiles (Lair:4)
  4 river rats (Lair:4)
  An orc (D:10)
31 creatures vanquished.

Vanquished Creatures (others)
  A polar bear (Lair:6)
  2 hungry ghosts (D:9)
  4 slaves (D:9)
  A wasp (Swamp:2)
  An orc wizard (D:9)
  3 orcs (D:9)
  2 kobolds (D:9)
  A briar patch (Swamp:2)
  45 fungi
  39 plants
99 creatures vanquished.

Grand Total: 1114 creatures vanquished

Notes
Turn   | Place    | Note
--------------------------------------------------------------
     0 | D:1      | MDvedh the Demonspawn Berserker began the quest for the Orb.
     0 | D:1      | Reached XP level 1. HP: 18/18 MP: 1/1
   116 | D:1      | Gained mutation: You are partially covered in sharp spines. [demonic ancestry]
   116 | D:1      | Reached XP level 2. HP: 22/24 MP: 2/2
   306 | D:1      | Reached ** piety under Trog
   377 | D:1      | Gained mutation: You are mostly covered in sharp spines. [demonic ancestry]
   377 | D:1      | Reached XP level 3. HP: 27/29 MP: 3/3
   494 | D:1      | Found a sparkling altar of Nemelex Xobeh.
   660 | D:1      | Reached skill level 4 in Axes
   942 | D:2      | Reached XP level 4. HP: 31/35 MP: 4/4
   993 | D:2      | Noticed Crazy Yiuf
   997 | D:2      | Killed Crazy Yiuf
   997 | D:2      | Reached *** piety under Trog
  1081 | D:2      | Reached skill level 5 in Axes
  1216 | D:2      | Found a white marble altar of Elyvilon.
  1283 | D:2      | Reached XP level 5. HP: 35/41 MP: 5/5
  1997 | D:4      | Reached skill level 6 in Axes
  2001 | D:4      | Reached XP level 6. HP: 47/47 MP: 6/6
  2037 | D:4      | Noticed an ogre
  2041 | D:4      | Killed an ogre
  2041 | D:4      | Reached **** piety under Trog
  2166 | D:4      | Found a staircase to the Ecumenical Temple.
  2473 | D:4      | Noticed Sigmund
  2484 | D:4      | Killed Sigmund
  2484 | D:4      | Reached skill level 7 in Axes
  2484 | D:4      | Gained mutation: Your flesh is heat resistant. [demonic ancestry]
  2484 | D:4      | Reached XP level 7. HP: 52/52 MP: 7/7
  2556 | D:5      | Entered Level 5 of the Dungeon
  2640 | D:5      | Found a sacrificial altar of Ru.
  2822 | D:5      | Found a bloodstained altar of Trog.
  2823 | D:5      | Found an iron altar of Okawaru.
  2866 | D:5      | Found Zyqafuf's Gadget Shoppe.
  3013 | D:6      | Reached skill level 8 in Axes
  3312 | D:6      | Found a glowing silver altar of Zin.
  3648 | D:6      | Found a shattered altar of Ashenzari.
  3664 | D:6      | Reached skill level 9 in Axes
  3664 | D:6      | Gained mutation: You have sharp toenails. [demonic ancestry]
  3664 | D:6      | Reached XP level 8. HP: 54/58 MP: 8/8
  3858 | D:7      | Noticed Dowan
  3859 | D:7      | Noticed Duvessa
  3866 | D:7      | Killed Dowan
  3868 | D:7      | Killed Duvessa
  4102 | D:7      | Reached skill level 10 in Axes
  4717 | D:7      | Reached ***** piety under Trog
  4778 | D:7      | Reached skill level 11 in Axes
  4778 | D:7      | Reached XP level 9. HP: 56/63 MP: 9/9
  5963 | D:9      | Noticed 4thArraOfDagon's ghost (novice MiBe)
  5975 | D:9      | Killed 4thArraOfDagon's ghost
  5975 | D:9      | Reached skill level 12 in Axes
  6031 | D:9      | Noticed Pikel
  6046 | D:9      | Killed Pikel
  6107 | D:9      | Found a glowing golden altar of the Shining One.
  6121 | D:9      | Noticed a centaur simulacrum
  6127 | D:9      | Killed a centaur simulacrum
  6133 | D:9      | Got a spiked helmet
  6146 | D:9      | Identified the +2 helmet of Complete Protection {+Inv rPois rF++} (You found it on level 9 of the Dungeon)
  6191 | D:9      | Reached skill level 13 in Axes
  6205 | D:9      | Gained mutation: You have razor-sharp toenails. [demonic ancestry]
  6205 | D:9      | Reached XP level 10. HP: 48/70 MP: 10/10
  6265 | D:9      | HP: 2/70 [orc priest/nerve-wracking pain (7)]
  6500 | D:9      | Noticed Maurice
  6983 | D:9      | Received a gift from Trog
  7297 | D:10     | Entered Level 10 of the Dungeon
  7446 | D:10     | Reached skill level 14 in Axes
  7571 | D:10     | Found a staircase to the Lair.
  8433 | D:10     | Noticed Fannar
  8477 | D:9      | Found a snail-covered altar of Cheibriados.
  8670 | D:10     | Found a deep blue altar of Sif Muna.
  8957 | D:10     | Noticed a five-headed hydra
  8971 | D:10     | Killed a five-headed hydra
  9211 | D:10     | Noticed Harold
  9226 | D:10     | Killed Harold
  9226 | D:10     | Reached skill level 15 in Axes
  9226 | D:10     | Gained mutation: You are partially covered in icy blue scales (AC +1). [demonic ancestry]
  9226 | D:10     | Reached XP level 11. HP: 75/75 MP: 11/11
  9322 | D:10     | Killed Fannar
  9526 | D:10     | Found a staircase to the Orcish Mines.
  9664 | Lair:1   | Entered Level 1 of the Lair of Beasts
  9695 | Lair:1   | Noticed Joseph
  9715 | Lair:1   | Killed Joseph
 10011 | Lair:1   | Noticed a five-headed hydra
 10016 | Lair:1   | Killed a five-headed hydra
 10985 | Lair:2   | Reached skill level 16 in Axes
 11167 | Lair:2   | Reached skill level 1 in Shields
 11722 | Lair:2   | Received a gift from Trog
 12073 | Lair:2   | Reached skill level 5 in Shields
 12432 | Lair:3   | Found a frozen archway.
 12477 | IceCv    | Entered an ice cave
 12486 | IceCv    | Noticed 4thArraOfDagon's ghost (journeyman MiBe)
 12510 | IceCv    | Killed 4thArraOfDagon's ghost
 13004 | Lair:3   | Gained mutation: You are mostly covered in icy blue scales (AC +3, EV -1). [demonic ancestry]
 13004 | Lair:3   | Reached XP level 12. HP: 76/81 MP: 12/12
 13421 | Lair:3   | Noticed Sonja
 13429 | Lair:3   | Killed Sonja
 13432 | Lair:4   | Noticed a four-headed hydra
 13442 | Lair:4   | Killed a four-headed hydra
 13787 | Lair:4   | Received a gift from Trog
 13998 | Lair:4   | Gained mutation: You passively map a small area around you. [potion of mutation]
 13998 | Lair:4   | Gained mutation: Your natural rate of healing is unusually fast. [potion of mutation]
 13998 | Lair:4   | Gained mutation: You are covered in fur (AC +1). [potion of mutation]
 14331 | Lair:4   | Found a staircase to the Swamp.
 14500 | Lair:5   | Found a staircase to the Snake Pit.
 14623 | Lair:5   | Reached skill level 10 in Shields
 14646 | Lair:5   | Noticed an eight-headed hydra
 14647 | Lair:5   | Noticed a six-headed hydra
 14652 | Lair:5   | Killed an eight-headed hydra
 14653 | Lair:5   | Killed a six-headed hydra
 14656 | Lair:5   | Noticed a six-headed hydra
 14658 | Lair:5   | Killed a six-headed hydra
 15036 | Lair:5   | Gained mutation: You are completely covered in icy blue scales (AC +4, EV -1, rC+). [demonic ancestry]
 15036 | Lair:5   | Reached XP level 13. HP: 86/86 MP: 13/13
 15698 | Lair:6   | Received a gift from Trog
 15742 | Lair:6   | Got a blackened war axe {god gift}
 15743 | Lair:6   | Identified the +7 war axe of Xytrics {venom, rC+} (Trog gifted it to you on level 6 of the Lair of Beasts)
 16498 | Lair:6   | Found a viscous altar of Jiyva.
 16499 | Lair:6   | Found a staircase to the Slime Pits.
 17610 | Lair:8   | Entered Level 8 of the Lair of Beasts
 17835 | Lair:8   | Received a gift from Trog
 17859 | Lair:8   | Gained mutation: You have claws for feet. [demonic ancestry]
 17859 | Lair:8   | Reached XP level 14. HP: 47/93 MP: 14/14
 17935 | Lair:8   | Reached skill level 15 in Shields
 18463 | Lair:8   | Received a gift from Trog
 19416 | Orc:1    | Entered Level 1 of the Orcish Mines
 19585 | Orc:1    | Reached ****** piety under Trog
 20278 | Orc:2    | Noticed Snorg
 20285 | Orc:2    | Killed Snorg
 20434 | Orc:2    | Received a gift from Trog
 20760 | Orc:3    | Found a staircase to the Elven Halls.
 20934 | Orc:4    | Entered Level 4 of the Orcish Mines
 20944 | Orc:4    | Received a gift from Trog
 21208 | Orc:4    | Found a burning altar of Makhleb.
 21396 | Orc:4    | Found Qitu's Distillery.
 21397 | Orc:4    | Found Gapluserph's Distillery.
 21397 | Orc:4    | Found Utsoithry's Jewellery Shoppe.
 21402 | Orc:4    | Reached skill level 5 in Fighting
 21410 | Orc:4    | Received a gift from Trog
 21417 | Orc:4    | Found Zoyng's General Store.
 21433 | Orc:4    | Bought a potion of cancellation for 112 gold pieces
 21433 | Orc:4    | Bought a potion of brilliance for 56 gold pieces
 21433 | Orc:4    | Bought a potion of poison for 14 gold pieces
 21457 | Orc:4    | Bought a potion of degeneration for 17 gold pieces
 21472 | Orc:4    | Bought a scroll of magic mapping for 42 gold pieces
 21472 | Orc:4    | Bought a scroll of magic mapping for 42 gold pieces
 21478 | Orc:4    | Bought the ring of Iciddymu {rElec AC+2 Stlth+} for 455 gold pieces
 21493 | Orc:4    | Bought a potion of might for 56 gold pieces
 21493 | Orc:4    | Bought a potion of curing for 42 gold pieces
 21493 | Orc:4    | Bought a potion of magic for 112 gold pieces
 21493 | Orc:4    | Bought a potion of heal wounds for 70 gold pieces
 21493 | Orc:4    | Bought 2 potions of curing for 84 gold pieces
 21493 | Orc:4    | Bought 2 potions of curing for 84 gold pieces
 21493 | Orc:4    | Bought a potion of agility for 56 gold pieces
 21493 | Orc:4    | Bought a potion of magic for 112 gold pieces
 21503 | Orc:4    | Bought a potion of mutation for 42 gold pieces
 21503 | Orc:4    | Bought a potion of mutation for 42 gold pieces
 21503 | Orc:4    | Bought a potion of heal wounds for 85 gold pieces
 21503 | Orc:4    | Bought a potion of resistance for 170 gold pieces
 21503 | Orc:4    | Bought a potion of curing for 51 gold pieces
 21503 | Orc:4    | Bought a potion of invisibility for 136 gold pieces
 21503 | Orc:4    | Bought a potion of heal wounds for 85 gold pieces
 21503 | Orc:4    | Bought 2 potions of heal wounds for 170 gold pieces
 21503 | Orc:4    | Gained mutation: You are robust (+10% HP). [potion of mutation]
 21503 | Orc:4    | Gained mutation: You are resistant to hostile enchantments. [potion of mutation]
 21503 | Orc:4    | Gained mutation: Your magical capacity is low (-10% MP). [potion of mutation]
 21613 | Orc:4    | Got an ancient war axe {god gift}
 21617 | Orc:4    | Identified the +0 war axe of the Lost Beggars {vamp, +Rage} (Trog gifted it to you on level 4 of the Orcish Mines)
 22021 | D:11     | Reached XP level 15. HP: 96/113 MP: 13/13
 22079 | D:11     | Found a labyrinth entrance.
 22089 | Lab      | Entered a labyrinth
 22437 | D:11     | Noticed chonchonts's ghost (journeyman MiFi)
 22452 | D:11     | Killed chonchonts's ghost
 22607 | D:11     | Gained mutation: Your muscles are strong. (Str +2) [potion of beneficial mutation]
 22735 | D:11     | Received a gift from Trog
 22909 | D:12     | Found a shadowy altar of Dithmenos.
 23990 | Swamp:1  | Entered Level 1 of the Swamp
 24261 | Swamp:1  | Got a pair of slimy gloves
 24267 | Swamp:1  | Identified the cursed -2 pair of gloves of Zoiri {Str+5 Stlth-} (You found it on level 1 of the Swamp)
 24931 | Swamp:2  | Received a gift from Trog
 24945 | Swamp:2  | Reached skill level 5 in Armour
 25184 | Swamp:2  | Noticed Aizul
 25205 | Swamp:2  | Killed Aizul
 25205 | Swamp:2  | Reached skill level 17 in Axes
 25205 | Swamp:2  | Reached skill level 5 in Dodging
 25352 | Swamp:2  | Noticed a thorn hunter
 25367 | Swamp:2  | Killed a thorn hunter
 25600 | Swamp:2  | Noticed Roxanne
 25630 | Swamp:2  | Identified Sif Muna's Handbook of Shifting Enhancements
 26552 | Swamp:4  | Entered Level 4 of the Swamp
 26567 | Swamp:4  | Received a gift from Trog
 26715 | Swamp:4  | Slain by a shambling mangrove

Action                   |  1- 3 |  4- 6 |  7- 9 | 10-12 | 13-15 || total
-------------------------+-------+-------+-------+-------+-------++-------
Melee: Hand axe          |    62 |    50 |       |       |       ||   112
       War axe           |       |    22 |   174 |   716 |   579 ||  1491
       Broad axe         |       |       |       |       |   930 ||   930
Invok: Berserk           |       |     2 |     6 |    10 |     9 ||    27
       Brothers in Arms  |       |       |       |     6 |     5 ||    11
       Trog's Hand       |       |       |       |     2 |     8 ||    10
       Burn Spellbooks   |       |       |       |     2 |     3 ||     5
Evoke: Wand              |       |       |       |     7 |     4 ||    11
  Use: Scroll            |       |     9 |     7 |    10 |    11 ||    37
       Potion            |       |       |       |     3 |     2 ||     5
 Stab: Paralysed         |       |       |       |     2 |       ||     2
       Sleeping          |       |       |       |       |     4 ||     4
       Distracted        |       |       |       |       |     1 ||     1
  Eat: Chunk             |       |     4 |    10 |    11 |    16 ||    41
       Beef jerky        |       |     1 |       |       |       ||     1
       Meat ration       |       |       |     1 |     4 |     3 ||     8
       Bread ration      |       |       |     1 |     2 |     7 ||    10
       Fruit             |       |       |     1 |       |       ||     1
